 Dungeon Crawl Stone Soup version 0.30.0-20-g3615ddf2f0 (webtiles) character file.

Game seed: 14621844920914251417

1142 qw the Chopper (level 8, -13/49 HPs)
             Began as a Gargoyle Fighter on May 29, 2023.
             Mangled by a two-headed ogre
             ... wielding a +0 giant club
              (27 damage)
             ... on level 5 of the Dungeon.
             The game lasted 00:02:01 (3525 turns).

qw the Chopper (Gargoyle Fighter)                   Turns: 3525, Time: 00:02:02

Health: -13/49     AC: 22    Str: 21    XL:     8   Next: 37%
Magic:  8/8        EV:  6    Int:  6    God:
Gold:   212        SH:  5    Dex: 17    Spells: 7/7 levels left

rFire   . . .        Y - +0 war axe (heavy)
rCold   . . .        c - +0 buckler
rNeg    + . .        a - +0 plate armour
rPois   inf          b - +2 helmet
rElec   +            (no cloak)
rCorr   .            (no gloves)
SInv    .            h - +0 pair of boots
Will    .....        (no amulet) Stlth
                     (no ring)
HPRegen 0.28/turn    (no ring)
MPRegen 0.11/turn

%: no passive effects
@: weakened
A: sickness immunity, AC +5, negative energy resistance 1, electricity
resistance, torment resistance 1, petrification resistance, agile 2
a: no special abilities


You were on level 5 of the Dungeon.
You visited 1 branch of the dungeon, and saw 5 of its levels.

You collected 212 gold pieces.


Innate Abilities, Weirdness & Mutations

You are immune to sickness and miasma.
Your stone body is resilient. (AC +5)
You are immune to poison.
You resist negative energy. (rN+)
You are resistant to electric shocks. (rElec)
You are resistant to unholy torment.
You are immune to petrification.
You are very agile. (Dex +8, Str/Int -2)


   Skills:
 - Level 5.1 Fighting
 - Level 7.2 Axes
 - Level 1.6 Throwing
 + Level 4.8 Armour
 - Level 1.5 Dodging
 - Level 3.2 Shields


You had 7 spell levels left.
You didn't know any spells.
Your spell library was empty.

Inventory:

Hand Weapons
 t - a +1 whip of flaming
 Y - a +0 heavy war axe (weapon)
Missiles
 s - a boomerang (quivered)
Armour
 a - a +0 plate armour (worn)
 b - a +2 helmet (worn)
 c - a +0 buckler (worn)
 h - a +0 pair of boots (worn)
 k - a +1 hat
Jewellery
 g - a ring of ice
Scrolls
 p - a scroll of identify
 r - a scroll of butterflies {unknown}
Potions
 d - a potion of might
 e - a potion of attraction
 f - a potion of resistance
 i - a potion of haste
 j - a potion of mutation
 l - a potion of cancellation {unknown}
 m - 2 potions of lignification
 n - 2 potions of degeneration {unknown}
 o - a potion of curing {unknown}

Dungeon Overview and Level Annotations

Branches:
Dungeon (5/15)
 Temple: D:4-7

Altars:
Fedhas
Okawaru
Wu Jian

Annotations:
D:5 2 transporters


Message History

The two-headed ogre hits you with a +0 giant club!
The two-headed ogre completely misses you.
The gnoll bouda barely misses you.
You hit the two-headed ogre.
The two-headed ogre is severely wounded.
The gnoll bouda blocks your attack. You block the gnoll bouda's attack.
The two-headed ogre hits you but does no damage.
The two-headed ogre barely misses you. The gnoll bouda barely misses you.
The two-headed ogre hits you with a +0 giant club! x2
You barely miss the two-headed ogre.
The two-headed ogre is severely wounded.
The gnoll bouda blocks your attack. You block the gnoll bouda's attack.
The gnoll bouda hits you but does no damage.
The two-headed ogre barely misses you.
The two-headed ogre hits you with a +0 giant club!!
3523 ||| DRINKING potion of heal wounds.
You feel much better.
The gnoll bouda gazes fiercely through you!
You feel your attacks grow feeble.
The gnoll bouda hits you with a +0 club!
You hear an angry hiss.
You hit the two-headed ogre but do no damage.
The two-headed ogre is severely wounded.
You hit the gnoll bouda. You block the two-headed ogre's attack.
The two-headed ogre hits you with a +0 giant club!
The gnoll bouda barely misses you.
The gnoll bouda hits you but does no damage.
The two-headed ogre barely misses you. You block the two-headed ogre's attack.
You slash the two-headed ogre!
The two-headed ogre is almost dead.
You slash the gnoll bouda!
The gnoll bouda gazes fiercely through you!
You feel as though you will be weak longer.
The gnoll bouda hits you with a +0 club.
The two-headed ogre hits you with a +0 giant club!!
Ouch! That really hurt!
You die...

## #..##..#...#..
#..s#..##..#.....#
#.#.#.#..#.#......
#SgS#......##...#.
##'#######)##
..... #s.?.#.....#
.... #S##.#.#.#.#
##.. #O##.#..#..#
##. #.@g.).#.#.#
#. ######.....# #.
####### ## .


You could see a two-headed ogre, a gnoll bouda (reflecting), a scorpion and an
adder.

Vanquished Creatures
  A water moccasin (D:5)
  A black bear (D:5)
  An ice beast (D:5)
  4 ogres (D:5)
  A kobold brigand (D:5)
  A scorpion (D:5)
  2 orc priests (D:4)
  A hound (D:4)
  A jelly (D:4)
  A sleepcap (D:4)
  An iguana (D:4)
  9 adders
  3 white imps
  2 ufetubi (D:5)
  A worm (D:4)
  3 dart slugs
  8 orcs
  6 ball pythons
  8 endoplasms
  6 giant cockroaches
  4 goblins
  8 hobgoblins
  8 jackals
  8 kobolds
  4 quokkas
  6 bats
  2 frilled lizards (D:2)
  6 rats
107 creatures vanquished.

Notes
Turn   | Place    | Note
-------+----------+-------------------------------------------
     0 | D:1      | qw the Gargoyle Fighter began the quest for the Orb.
     0 | D:1      | Reached XP level 1. HP: 14/14 MP: 1/1
     0 | D:1      | 0 ||| qw: Version: 0.2-a-102-g2b76a06
     0 | D:1      | 0 ||| qw: Game counter: 451
     0 | D:1      | 0 ||| qw: Always use a shield: true
     0 | D:1      | 0 ||| qw: God list: Okawaru
     0 | D:1      | 0 ||| qw: Allow faded altars: false
     0 | D:1      | 0 ||| qw: Do Orc after D:15 true
     0 | D:1      | 0 ||| qw: Do second Lair branch before Depths: true
     0 | D:1      | 0 ||| qw: Lair rune preference: random
     0 | D:1      | 0 ||| qw: Plans: Normal, Zot:1-4, Slime:5, God:TSO, Crypt,
                  | Tomb, Pan, Hells, Abyss, Win
     0 | D:1      | 0 ||| PLANNING D:1-11
    24 | D:1      | Reached skill level 2 in Axes
   131 | D:1      | Reached XP level 2. HP: 19/19 MP: 2/2
   294 | D:1      | Reached skill level 3 in Axes
   352 | D:1      | Reached XP level 3. HP: 23/23 MP: 3/3
   435 | D:1      | Found a faded altar of an unknown god.
   449 | D:1      | 449 ||| Stepping ~*~*~tactically~*~*~ (hiding).
   452 | D:1      | 452 ||| Stepping ~*~*~tactically~*~*~ (hiding).
   462 | D:1      | 462 ||| Stepping ~*~*~tactically~*~*~ (stealth).
   570 | D:1      | 570 ||| UPGRADING to +0 pair of boots.
   575 | D:1      | 575 ||| READING scroll labelled NIWIAKLERUM.
   576 | D:1      | 576 ||| READING scroll labelled SAFOST JELEGI.
   577 | D:1      | 577 ||| READING scroll labelled IWAMAI JYDUNT.
   578 | D:1      | 578 ||| READING scroll labelled BEGOME DINAKHO.
   640 | D:2      | Reached XP level 4. HP: 25/28 MP: 4/4
   660 | D:2      | 660 ||| Stepping ~*~*~tactically~*~*~ (stealth).
   722 | D:2      | 722 ||| DROPPING +0 club.
   969 | D:2      | Reached skill level 4 in Axes
  1347 | D:2      | 1347 ||| UPGRADING to +0 plate armour.
  1357 | D:2      | 1357 ||| DROPPING +0 scale mail.
  1358 | D:2      | 1358 ||| READING scroll labelled PEIROY VAJU.
  1359 | D:2      | 1359 ||| READING scroll labelled LOUNUFOIBU.
  1360 | D:2      | 1360 ||| DRINKING 2 metallic red potions.
  1413 | D:2      | 1413 ||| READING 2 scrolls of identify.
  1413 | D:2      | 1413 ||| IDENTIFYING smoky green potion
  1893 | D:3      | Reached XP level 5. HP: 32/32 MP: 5/5
  2111 | D:3      | 2111 ||| UPGRADING to +2 helmet.
  2116 | D:3      | 2116 ||| READING scroll labelled ROL WOKEZXY.
  2117 | D:3      | 2117 ||| READING scroll labelled AHOIXT OWNI.
  2122 | D:3      | 2122 ||| DRINKING 2 glowing coppery potions.
  2227 | D:3      | 2227 ||| READING 2 scrolls of identify.
  2227 | D:3      | 2227 ||| IDENTIFYING fizzy golden potion
  2228 | D:3      | 2228 ||| DROPPING potion of berserk rage.
  2300 | D:4      | 2300 ||| Stepping ~*~*~tactically~*~*~ (hiding).
  2310 | D:4      | Reached skill level 5 in Axes
  2310 | D:4      | 2310 ||| Stepping ~*~*~tactically~*~*~ (hiding).
  2333 | D:4      | 2333 ||| FLEEEEING.
  2334 | D:4      | 2334 ||| FLEEEEING.
  2335 | D:4      | 2335 ||| FLEEEEING.
  2336 | D:4      | 2336 ||| FLEEEEING.
  2337 | D:4      | 2337 ||| FLEEEEING.
  2340 | D:4      | 2340 ||| FLEEEEING.
  2344 | D:4      | 2344 ||| STAIRDANCE
  2390 | D:4      | Reached XP level 6. HP: 33/38 MP: 6/6
  2391 | D:4      | 2391 ||| FLEEEEING.
  2498 | D:4      | 2498 ||| FLEEEEING.
  2499 | D:4      | 2499 ||| FLEEEEING.
  2500 | D:4      | 2500 ||| FLEEEEING.
  2501 | D:4      | 2501 ||| FLEEEEING.
  2502 | D:4      | 2502 ||| FLEEEEING.
  2503 | D:4      | 2503 ||| FLEEEEING.
  2504 | D:4      | 2504 ||| FLEEEEING.
  2505 | D:4      | 2505 ||| FLEEEEING.
  2506 | D:4      | 2506 ||| FLEEEEING.
  2507 | D:4      | 2507 ||| FLEEEEING.
  2508 | D:4      | 2508 ||| FLEEEEING.
  2509 | D:4      | 2509 ||| FLEEEEING.
  2510 | D:4      | 2510 ||| FLEEEEING.
  2511 | D:4      | 2511 ||| FLEEEEING.
  2512 | D:4      | 2512 ||| FLEEEEING.
  2513 | D:4      | 2513 ||| FLEEEEING.
  2514 | D:4      | 2514 ||| FLEEEEING.
  2515 | D:4      | 2515 ||| FLEEEEING.
  2516 | D:4      | 2516 ||| FLEEEEING.
  2518 | D:4      | 2518 ||| FLEEEEING.
  2627 | D:4      | 2627 ||| Stepping ~*~*~tactically~*~*~ (stealth).
  2648 | D:4      | Found an ornate altar of the Wu Jian Council.
  2741 | D:4      | 2741 ||| Stepping ~*~*~tactically~*~*~ (stealth).
  2894 | D:4      | 2894 ||| READING scroll labelled RUBRAM BUEBI.
  2895 | D:4      | 2895 ||| READING scroll labelled ANNAITHREPY.
  2896 | D:4      | 2896 ||| DRINKING 2 lumpy emerald potions.
  2896 | D:4      | Gained mutation: You are dopey. (Int -2) [potion of
                  | mutation]
  2896 | D:4      | Gained mutation: You are agile. (Dex +4, Str/Int -1)
                  | [potion of mutation]
  2896 | D:4      | Lost mutation: You are dopey. (Int -2) [potion of mutation]
  2896 | D:4      | Gained mutation: You are very agile. (Dex +8, Str/Int -2)
                  | [potion of mutation]
  2897 | D:4      | 2897 ||| DRINKING 2 murky sapphire potions.
  2898 | D:4      | 2898 ||| READING 2 scrolls of identify.
  2898 | D:4      | 2898 ||| IDENTIFYING fuming amethyst potion
  2905 | D:5      | Entered Level 5 of the Dungeon
  2914 | D:5      | Reached skill level 1 in Dodging
  2930 | D:5      | Found a blossoming altar of Fedhas.
  2951 | D:5      | 2951 ||| Stepping ~*~*~tactically~*~*~ (hiding).
  2952 | D:5      | 2952 ||| Stepping ~*~*~tactically~*~*~ (hiding).
  2979 | D:5      | Noticed a black bear
  2987 | D:5      | Killed a black bear
  2988 | D:5      | Reached skill level 6 in Axes
  2988 | D:5      | Reached XP level 7. HP: 39/43 MP: 7/7
  3014 | D:5      | 3014 ||| Stepping ~*~*~tactically~*~*~ (hiding).
  3017 | D:5      | 3017 ||| Stepping ~*~*~tactically~*~*~ (stealth).
  3140 | D:5      | 3140 ||| DROPPING +0 whip.
  3171 | D:5      | Found an iron altar of Okawaru.
  3175 | D:5      | Found a transporter.
  3189 | D:5      | Found a transporter.
  3237 | D:5      | 3237 ||| Stepping ~*~*~tactically~*~*~ (hiding).
  3343 | D:5      | Noticed a two-headed ogre
  3364 | D:5      | Reached skill level 7 in Axes
  3364 | D:5      | Reached XP level 8. HP: 32/48 MP: 8/8
  3445 | D:5      | Reached skill level 1 in Throwing
  3511 | D:5      | 3511 ||| Stepping ~*~*~tactically~*~*~ (stealth).
  3514 | D:5      | 3514 ||| Stepping ~*~*~tactically~*~*~ (hiding).
  3522 | D:5      | HP: 7/49 [two-headed ogre/+0 giant club (19)]
  3523 | D:5      | 3523 ||| DRINKING potion of heal wounds.
  3525 | D:5      | Mangled by a two-headed ogre

Levels and vault maps discovered:
D:1:      minmay_arrival_shattered_statue, layout_rooms,
          ebering_ecumenical_altar_sacrificial, minmay_fountain_box
D:2:      layout_loops_ring, kennysheep_generic_room_7
D:3:      layout_basic
D:4:      layout_rooms, kennysheep_mini
D:5:      minmay_clustersquares, layout_rooms, gammafunk_temple_overflow_arena,
          general_overflow_altar, hangedman_decor_growths

Skill      XL: |  1  2  3  4  5  6  7  8 |
---------------+-------------------------+-----
Axes           | 2 3 4 5 6 7 |  7.2
Fighting       | 4 5 |  5.1
Dodging        | 1 |  1.5
Armour         | 4 |  4.8
Throwing       | 1 |  1.6
Shields        | |  3.2

Action                     |  1- 3 |  4- 6 |  7- 9 || total
---------------------------+-------+-------+-------++-------
  Melee: War axe           |    87 |   151 |    56 ||   294
  Throw: Boomerang         |       |     3 |     4 ||     7
    Use: Scroll            |     4 |     9 |       ||    13
         Potion            |       |     4 |     1 ||     5
 Armour: Scale mail        |    49 |    31 |       ||    80
         Plate armour      |       |   100 |    72 ||   172
  Dodge: Dodged            |    40 |    64 |    29 ||   133
  Block: Buckler           |    17 |    35 |    27 ||    79

Table legend:
 A = Non-vault XP
 B = Vault XP
 C = Vault XP percentage of total XP
 D = Non-vault monster count
 E = Vault monster count
 F = Vault count percentage of total count
                 A         B        C        D         E       F
            +---------+---------+-------+---------+---------+-------
      Total |     938 |     694 |  42.5 |      97 |      10 |   9.3
            +---------+---------+-------+---------+---------+-------
        D:1 |      51 |       0 |   0.0 |      28 |       0 |   0.0
        D:2 |      71 |      13 |  15.5 |      20 |       1 |   4.8
        D:3 |      34 |       0 |   0.0 |      12 |       0 |   0.0
        D:4 |     319 |       0 |   0.0 |      23 |       0 |   0.0
        D:5 |     463 |     681 |  59.5 |      14 |       9 |  39.1
            +---------+---------+-------+---------+---------+-------
